Map: Jagannatha LE

Players

MCanning

  • Race: Protoss Protoss

Nina - Winner!

  • Race: Protoss Protoss

Event: DreamHack SC2 Masters 2021 Fall

VOD

Have the link to the VOD?

Description

Time

  • Played on: Aug. 12, 2021, 4:38 p.m.
  • Length: 7:34

All games in this series

Show
View Real Time Build Order
Export as new Build Order

MCanning Protoss 

Build Orders:  

Get SALT Encoding   

  12  0:00  Probe  
  13  0:12  Probe  
  14  0:17  Pylon  
  14  0:24  Probe  
  15  0:36  Probe (Chrono Boost)  
  15  0:38  Gateway  
  16  0:47  Assimilator, Probe (Chrono Boost)  
  17  0:52  Probe (Chrono Boost)  
  17  0:55  Assimilator  
  18  1:03  Probe (Chrono Boost)  
  20  1:12  Probe (Chrono Boost), Gateway  
  20  1:17  Probe (Chrono Boost)  
  21  1:27  Cybernetics Core  
  21  1:30  Probe  
  22  1:38  Pylon  
  22  1:41  Pylon  
  22  1:43  Probe  
  23  1:59  Probe  
  24  2:03  Stalker  
  24  2:04  Stalker  
  24  2:06  Warp Gate  
  28  2:12  Pylon  
  28  2:19  Probe  
  29  2:25  Pylon  
  29  2:33  Stalker  
  31  2:38  Stalker  
  33  2:58  Nexus  
  33  3:04  Sentry  
  35  3:09  Sentry  
  37  3:18  Pylon  
  37  3:20  Probe (Chrono Boost)  
  38  3:31  Pylon, Probe (Chrono Boost)  
  39  3:36  Probe (Chrono Boost), Sentry  
  42  3:46  Probe (Chrono Boost), Twilight Council  
  43  3:58  Probe (Chrono Boost)  
  42  4:03  Probe (Chrono Boost), Shield Battery  
  43  4:10  Probe, Forge  
  43  4:13  Probe  
  45  4:18  Shield Battery  
  39  4:24  Adept  
  39  4:28  Stalker  
  39  4:32  Blink (Chrono Boost)  
  39  4:34  Probe  
  40  4:44  Probe  
  41  4:48  Shield Battery  
  41  4:50  Stalker  
  41  4:52  Probe  
  44  4:53  Sentry  
  44  4:54  Protoss Ground Weapons Level 1 (Chrono Boost)  
  46  5:05  Shield Battery  
  44  5:08  Probe  
  44  5:09  Probe  
  44  5:14  Stalker  
  48  5:17  Stalker  
  48  5:20  Probe  
  48  5:21  Probe  
  52  5:27  Assimilator  
  52  5:29  Robotics Facility  
  52  5:31  Pylon  
  52  5:32  Probe  
  52  5:33  Probe  
  54  5:40  Shield Battery  
  54  5:42  Adept  
  56  5:44  Probe  
  56  5:45  Probe  
  56  5:49  Pylon  
  58  5:56  Probe  
  59  5:57  Stalker, Probe  
  62  6:08  Probe  
  62  6:09  Probe  
  62  6:10  Nexus  
  64  6:13  Sentry  
  67  6:18  Observer (Chrono Boost)  
  67  6:20  Probe  
  67  6:21  Probe  
  67  6:23  Pylon  
  69  6:27  Gateway  
  69  6:28  Gateway  
  69  6:32  Probe, Sentry  
  72  6:33  Probe  
  72  6:34  Observer  
  72  6:39  Gateway  
  74  6:40  Gateway  
  74  6:44  Probe  
  74  6:46  Probe  
  76  6:48  Shield Battery  
  76  6:57  Stalker x2, Probe  
  76  6:58  Probe  
  80  7:09  Probe  
  80  7:10  Probe  
  78  7:20  Stalker x2  
  78  7:22  Probe  
  73  7:24  Zealot x2  
Show
View Real Time Build Order
Export as new Build Order

Nina Protoss - Winner!

Build Orders:  

Get SALT Encoding   

  12  0:00  Probe  
  13  0:12  Probe  
  14  0:18  Pylon  
  14  0:24  Probe  
  15  0:36  Probe (Chrono Boost)  
  15  0:37  Gateway  
  16  0:48  Probe (Chrono Boost)  
  16  0:49  Assimilator  
  17  0:53  Probe (Chrono Boost)  
  18  0:59  Assimilator  
  18  1:03  Probe (Chrono Boost)  
  19  1:12  Gateway  
  19  1:14  Probe (Chrono Boost)  
  20  1:18  Probe (Chrono Boost)  
  20  1:25  Cybernetics Core  
  21  1:29  Probe  
  22  1:34  Pylon  
  22  1:41  Probe  
  23  1:53  Probe  
  24  2:01  Stalker x2  
  26  2:05  Probe  
  26  2:08  Warp Gate (Chrono Boost)  
  29  2:15  Pylon  
  29  2:17  Probe  
  31  2:30  Probe  
  31  2:33  Stalker x2  
  35  2:42  Probe  
  36  2:46  Pylon  
  36  2:54  Probe  
  37  3:06  Stalker x2, Probe  
  42  3:18  Probe  
  43  3:23  Nexus  
  43  3:30  Pylon  
  43  3:31  Probe  
  44  3:43  Probe  
  44  3:48  Pylon  
  45  3:52  Adept x2  
  50  3:55  Probe  
  50  4:06  Twilight Council  
  50  4:08  Forge  
  50  4:12  Probe  
  47  4:32  Probe (Chrono Boost)  
  47  4:35  Stalker x2  
  52  4:39  Probe (Chrono Boost)  
  52  4:41  Blink (Chrono Boost)  
  52  4:42  Protoss Ground Weapons Level 1 (Chrono Boost)  
  52  4:44  Probe (Chrono Boost)  
  54  4:49  Probe (Chrono Boost)  
  54  4:51  Probe (Chrono Boost)  
  56  4:54  Probe (Chrono Boost)  
  56  4:58  Probe  
  58  5:05  Stalker x2  
  58  5:06  Probe  
  63  5:11  Probe  
  62  5:14  Assimilator  
  62  5:17  Photon Cannon  
  62  5:18  Probe  
  63  5:23  Probe  
  60  5:29  Gateway  
  60  5:30  Probe  
  60  5:33  Gateway  
  62  5:36  Stalker x2  
  66  5:49  Nexus  
  65  5:56  Gateway  
  65  5:59  Gateway  
  65  6:01  Stalker  
  67  6:05  Pylon  
  67  6:12  Stalker  
  67  6:17  Pylon, Probe x2  
  69  6:20  Robotics Facility  
  69  6:25  Stalker x2  
  69  6:28  Stalker  
  75  6:33  Probe x2  
  75  6:38  Stalker  
  79  6:45  Probe  
  81  6:48  Stalker  
  81  6:50  Stalker  
  83  6:58  Stalker  
  83  6:59  Stalker  
  83  7:01  Probe  
  88  7:04  Stalker, Probe  
  88  7:05  Probe  
  87  7:24  Stalker x4  

Tags
 
Add a new tag
Caveats
  • Supply blocks, unpowered buildings, or Contaminate may cause inaccurate times.
  • Supply counts are checked every 10 seconds.